 Dungeon Crawl Stone Soup version 0.28-a0-1485-g077359a4bf (webtiles) character file.

Game seed: 1474121760826597890

63 kae the Changer (level 3, -1/28 HPs)
             Began as a Draconian Transmuter on Jan 11, 2022.
             Succumbed to an adder's poison
             ... on level 2 of the Dungeon.
             The game lasted 00:00:47 (1697 turns).

kae the Changer (Draconian Transmuter)              Turns: 1697, Time: 00:00:47

Health: -1/28      AC:  5    Str: 12    XL:     3   Next: 87%
Magic:  7/7        EV: 12    Int: 15    God:
Gold:   31         SH:  0    Dex: 11    Spells: 6/7 levels left

rFire   . . .      SeeInvis .     - Unarmed
rCold   . . .      Faith    .   (no shield)
rNeg    . . .      Spirit   .   (armour unavailable)
rPois   .          Reflect  .   (helmet restricted)
rElec   .          Harm     .   (no cloak)
rCorr   .          Rampage  .   (no gloves)
Will    .....                   (no boots)
Stlth   +.........              (no amulet)
HPRegen 0.09/turn               (no ring)
MPRegen 0.10/turn               (no ring)

@: lethally poisoned (-1 -> -8)
A: AC +5, unfitting armour, cold-blooded
a: no special abilities


You were on level 2 of the Dungeon.
You visited 1 branch of the dungeon, and saw 2 of its levels.

You collected 31 gold pieces.

Inventory:

Scrolls
 c - a scroll of identify
 d - a scroll of vulnerability {unknown}


   Skills:
 - Level 1.1 Fighting
 - Level 1.7 Dodging
 - Level 3.0 Unarmed Combat
 + Level 2.7 Spellcasting
 * Level 3.6 Transmutations


You had 6 spell levels left.
You knew the following spells:

 Your Spells              Type           Power      Damage    Failure   Level
a - Beastly Appendage     Tmut           26%        N/A       4%          1

Your spell library contained the following spells:

 Spells                   Type           Power      Damage    Failure   Level
 Wereblood                Tmut           13%        N/A       7%          2
 Spider Form              Tmut/Pois      7%         N/A       28%         3
 Ensorcelled Hibernation  Hex/Ice        4%         N/A       30%         2
 Ice Form                 Ice/Tmut       7%         N/A       67%         4
 Anguish                  Hex/Necr       1%         N/A       90%         4


Dungeon Overview and Level Annotations

Branches:
Dungeon (2/15)

Altars:


Innate Abilities, Weirdness & Mutations

Your plain brown scales are hard. (AC +5)
You cannot fit into any form of body armour.
You are cold-blooded and may be slowed by cold attacks.


Message History

You hit the orc.
You kill the orc!
The orc hits you from afar with a +0 trident.
Your transformation is almost over.
You see here a +0 dagger.
Your horns disappear.
Your talons disappear.
The adder bites you but does no damage. The adder bites you.
* * * LOW HITPOINT WARNING * * *
You are poisoned.
The adder poisons you!
You feel sick.
You hit the adder.
The adder is moderately wounded.
You feel sick. The adder bites you but does no damage.
You closely miss the adder.
The adder is moderately wounded.
You feel sick. The adder closely misses you.
You closely miss the adder.
The adder is moderately wounded.
You feel sick.
You are no longer poisoned.
The adder bites you.
* * * LOW HITPOINT WARNING * * *
The orc misses you. The adder barely misses you.
You aren't carrying any potions.
As you read the scroll of fear, it crumbles to dust.
You assume a fearsome visage.
The orc looks frightened!
The adder looks frightened!
The endoplasm is unaffected.
Cornered, the adder turns to fight!
The adder bites you.
* * * LOW HITPOINT WARNING * * *
You are lethally poisoned!
The adder poisons you!
Okay, then.
You aren't carrying any potions.
As you read the scroll labelled NUFUACUONEOR, it crumbles to dust.
Wisps of shadow whirl around you...
It was a scroll of summoning.
You die...

......# #..#
......######## #..#
#########
.............#
#..#######..)..>..
......######.#
#.......##.#######
.....## #.#
#.#####.##.# #...##
#.# #J# #.# ##.##
##.###K# #.# .....
#...##S# #.# ##.###
#.#...##@## #.#
#......J..####.##.#
#.....B.K......##.#
......<...#.#######.#
###.#>..###.# #.#
#.#...###.# #.#
#.##......#######.#
#######........#
........########


You could see an adder (ally target), an endoplasm (ally target), a friendly
endoplasm (summoned), a friendly giant cockroach (summoned) and 2 friendly
kobolds.

Vanquished Creatures
  An orc wizard (D:2)
  A dart slug (D:1)
  An orc (D:2)
  A ball python (D:2)
  3 endoplasms
  3 giant cockroaches
  2 goblins (D:1)
  3 hobgoblins (D:1)
  8 kobolds
  3 quokkas (D:1)
  A bat (D:2)
  2 frilled lizards (D:1)
  4 rats (D:1)
33 creatures vanquished.

Notes
Turn   | Place    | Note
-------+----------+-------------------------------------------
     0 | D:1      | kae the Draconian Transmuter began the quest for the Orb.
     0 | D:1      | Reached XP level 1. HP: 16/16 MP: 3/3
   325 | D:1      | Reached XP level 2. HP: 23/23 MP: 3/5
  1346 | D:2      | Reached XP level 3. HP: 27/28 MP: 6/6
  1363 | D:2      | Found a faded altar of an unknown god.
  1692 | D:2      | HP: 1/28 [adder (3)]
  1697 | D:2      | Succumbed to an adder's poison

Illustrated notes

Levels and vault maps discovered:
D:1:      minmay_arrival_cross, layout_basic
D:2:      layout_loops_ring, ebering_ecumenical_altar_ruins

Skill      XL: |  1  2 |
---------------+-------+-----
Transmutations | 3 |  3.6
Fighting       | |  1.1
Dodging        | |  1.7
Unarmed Combat | |  3.0
Spellcasting   | |  2.7

Action                   || total
-------------------------++-------
Melee: Unarmed           ||   114
       Kick              ||    21
       Headbutt          ||    11
       Tailslap          ||     6
       Punch             ||     2
 Cast: Beastly Appendage ||    26
  Use: Scroll            ||     5
Armor: Skin              ||    28
Dodge: Dodged            ||    84

Table legend: (Time is in decaauts)
 A = Elapsed time spent in this place.
 B = Non-inter-level travel time spent in this place.
 C = Inter-level travel time spent in this place.
 D = Time resting spent in this place.
 E = Time spent auto-exploring this place.
 F = Levels seen in this place.
 G = Mean time per level.
                   A        B        C        D        E       F      G
               +--------+--------+--------+--------+--------+-----+--------+
         Total |   1692 |   1672 |     20 |      0 |   1374 |   2 |  846.0 |
       Dungeon |   1692 |   1672 |     20 |      0 |   1374 |   2 |  846.0 |
               +--------+--------+--------+--------+--------+-----+--------+

Top non-repeatable levels by time:
     D:1: 1291 daAuts
     D:2: 400 daAuts
